 Dungeon Crawl Stone Soup version 0.27-a0-1502-g47ed6a6988 (webtiles) character file.

Game seed: 17800145668794514758

273 Tocho the Chopper (level 6, 0/51 HPs)
             Began as a Palentonga Fighter on July 8, 2021.
             Blown up by Ijyb (22 damage)
             ... with a mindburst bolt
             ... on level 3 of the Dungeon.
             The game lasted 00:05:35 (3006 turns).

Tocho the Chopper (Palentonga Fighter)              Turns: 3006, Time: 00:05:35

Health: 0/51       AC:  8    Str: 22    XL:     6   Next: 2%
Magic:  6/6        EV:  6    Int:  8    God:
Gold:   55         SH:  0    Dex:  9    Spells: 5/5 levels left

rFire    . . .     SeeInvis +   a - +0 war axe
rCold    . . .     Faith    .   (no shield)
rNeg     . . .     Spirit   .   k - +0 chain mail
rPois    .         Reflect  .   (no helmet)
rElec    .         Harm     .   (no cloak)
rCorr    .         Rampage  .   (no gloves)
Will     .....                  (no barding)
Stlth    ..........             (no amulet)
HPRegen  0.17/turn              (no ring)
MPRegen  0.10/turn              (no ring)

@: no status effects
A: large, rugged brown scales 3, see invisible, deformed body, roll 1, armoured
tail
a: Rolling Charge


You were on level 3 of the Dungeon.
You visited 1 branch of the dungeon, and saw 3 of its levels.

You collected 55 gold pieces.

Inventory:

Hand Weapons
 a - a +0 war axe (weapon)
Missiles
 h - 15 poisoned darts
 j - 6 silver javelins
Armour
 c - a +0 kite shield
 k - a +0 chain mail (worn)
Potions
 b - a potion of invisibility
 f - a potion of mutation {unknown}


   Skills:
 + Level 3.9 Fighting
 * Level 4.7 Axes
 + Level 3.3 Armour
 + Level 0.5 Dodging
 + Level 2.6 Shields


You had 5 spell levels left.
You didn't know any spells.
Your spell library contained the following spells:

 Spells                   Type           Power      Damage    Failure   Level
 Sublimation of Blood     Necr           0%         N/A       99%         2
 Wereblood                Tmut           0%         N/A       99%         2
 Summon Hydra             Summ           0%         N/A       100%        7


Dungeon Overview and Level Annotations

Branches:
Dungeon (3/15)

Altars:

Annotations:
D:3 Ijyb


Innate Abilities, Weirdness & Mutations

You are completely covered in rugged brown scales. (AC +3, +7% HP)
You have supernaturally acute eyesight. (SInv)
Armour fits poorly on your strangely shaped body.
You can roll at nearby foes to attack.
You have a long armoured tail.


Message History

Increase (S)trength, (I)ntelligence, or (D)exterity?
You feel stronger.
Items here: ) [[ †.
Okay, then.
You feel a little less mighty now.
Items here: ) [[ †.
Done exploring.
Done exploring.
There is a stone staircase leading down here.
You climb downwards. 2 frilled lizards and Ijyb come into view.
Ijyb is wielding a +0 club, wearing a +2 ring mail of willpower and carrying a wand of mindburst (14).
The frilled lizard hisses angrily. x2
There is a stone staircase leading up here.
Roll where?
Press: ? - help, Dir - move target, f - Ijyb
Aim: Ijyb, wielding a +0 club, wearing a +2 ring mail of willpower and carrying a wand of mindburst (14)
You roll forward with a clatter of scales!
You closely miss Ijyb.
Your tail-slap misses Ijyb.
You hear a bark!
You hear a shout! x2; You hear a bark! x2
Ijyb zaps a wand.
Your mind is blasted!
You closely miss Ijyb.
Ijyb zaps a wand.
Your mind is blasted!
You barely miss Ijyb.
Your tail-slap misses Ijyb.
Ijyb hits you but does no damage.
The frilled lizard bites you but does no damage.
You hit Ijyb.
Ijyb is lightly wounded.
You closely miss the frilled lizard. Ijyb hits you with a +0 club.
* * * LOW HITPOINT WARNING * * *
The frilled lizard bites you but does no damage.
Ijyb barely misses you.
As you read the scroll labelled TAOSTI LELUFO, it crumbles to dust.
It is a scroll of identify.
e - a potion of curing The frilled lizard bites you but does no damage.
Ijyb hits you but does no damage.
You feel better.
The frilled lizard bites you but does no damage.
Ijyb zaps a wand.
Your mind is blasted!
You die...

#.#
#.#
...
#.#
#.#
#l#
#.#
#l#
#@#
#g#
...
#####


You could see Ijyb and 2 frilled lizards.

Vanquished Creatures
  Sigmund (D:2)
  3 gnolls (D:2)
  4 adders (D:2)
  A dart slug (D:1)
  4 bats
  3 endoplasms (D:1)
  3 giant cockroaches (D:1)
  6 goblins
  3 hobgoblins (D:1)
  4 jackals (D:1)
  6 kobolds
  A quokka (D:1)
  A ball python (D:1)
  4 frilled lizards
  3 rats
47 creatures vanquished.

Notes
Turn   | Place    | Note
-------+----------+-------------------------------------------
     0 | D:1      | Tocho the Palentonga Fighter began the quest for the Orb.
     0 | D:1      | Reached XP level 1. HP: 19/19 MP: 1/1
    76 | D:1      | Reached XP level 2. HP: 5/25 MP: 2/2
   572 | D:1      | Reached XP level 3. HP: 18/31 MP: 3/3
   792 | D:1      | Found a faded altar of an unknown god.
  1623 | D:2      | HP: 1/31 [poisoned by an adder]
  1962 | D:2      | Reached skill level 3 in Axes
  1962 | D:2      | Reached XP level 4. HP: 36/38 MP: 4/4
  2761 | D:2      | Noticed Sigmund
  2770 | D:2      | Killed Sigmund
  2771 | D:2      | Reached skill level 4 in Axes
  2771 | D:2      | Reached XP level 5. HP: 15/44 MP: 5/5
  2771 | D:2      | Reached XP level 6. HP: 17/51 MP: 6/6
  3000 | D:3      | Noticed Ijyb
  3006 | D:3      | Blown up by Ijyb

Illustrated notes

Levels and vault maps discovered:
D:1:      dpeg_arrival_rooms_c, layout_basic, ebering_ecumenical_altar_rust,
          st_stairs_4
D:2:      layout_loops_corners, uniq_sigmund
D:3:      layout_loops_ring, mainiacjoe_overflow_catch_the_wave, serial_shops,
          nicolae_shop_statue_plus, shop, shop, shop, shop, st_stairs_6,
          uniq_ijyb

Skill      XL: |  1  2  3  4 |
---------------+-------------+-----
Axes           | 3 4 |  4.7
Armour         | 3 |  3.3
Fighting       | |  3.9
Dodging        | |  0.5
Shields        | |  2.6

Action                   |  1- 3 |  4- 6 || total
-------------------------+-------+-------++-------
Melee: War axe           |   103 |    47 ||   150
       Tailslap          |    11 |     4 ||    15
 Abil: Rolling Charge    |    10 |    11 ||    21
  Use: Potion            |     3 |     2 ||     5
       Scroll            |     2 |     1 ||     3
Armor: Scale mail        |    61 |       ||    61
       Chain mail        |    41 |    38 ||    79
Dodge: Dodged            |    57 |    19 ||    76

Table legend: (Time is in decaauts)
 A = Elapsed time spent in this place.
 B = Non-inter-level travel time spent in this place.
 C = Inter-level travel time spent in this place.
 D = Time resting spent in this place.
 E = Time spent auto-exploring this place.
 F = Levels seen in this place.
 G = Mean time per level.
                   A        B        C        D        E       F      G
               +--------+--------+--------+--------+--------+-----+--------+
         Total |   3060 |   3053 |      7 |    793 |   1855 |   3 | 1020.0 |
       Dungeon |   3060 |   3053 |      7 |    793 |   1855 |   3 | 1020.0 |
               +--------+--------+--------+--------+--------+-----+--------+

Top non-repeatable levels by time:
     D:2: 1952 daAuts
     D:1: 1101 daAuts
     D:3: 6 daAuts
